TOP OF THE 1ST |
Salem Sledgehammers batting - Pitching for Seattle Rainiers : RHP Adrián Sandoval
|
Pitching: RHP Adrián Sandoval
|
|
Batting: SHB Juan Hernández
|
0-0: Called Strike 0-1: Foul Ball, location: 2F 0-2: Ball 1-2: Foul Ball, location: 2F 1-2: Ball 2-2: Strikes out swinging
|
Batting: RHB Kenny Pruitt
|
0-0: Ball 1-0: Ball 2-0: Ground out 3-1 (Groundball, 34)
|
Batting: RHB Juan Chávez
|
0-0: Called Strike 0-1: SINGLE (Groundball, 6MD)
|
Batting: RHB John Burton
|
0-0: Called Strike Juan Chávez is caught stealing 2nd base
|
Top of the 1st over - 0 run(s), 1 hit(s), 0 error(s), 0 left on base; Salem 0 - Seattle 0 |
BOTTOM OF THE 1ST |
Seattle Rainiers batting - Pitching for Salem Sledgehammers : RHP Máximo Salazar
|
Pitching: RHP Máximo Salazar
|
|
Batting: RHB Alfredo Farías
|
0-0: Ground out U3 (Groundball, 34)
|
Batting: RHB Cipriano Baca
|
0-0: Called Strike 0-1: TRIPLE (Flyball, 89M)
|
Batting: RHB Leonard Harris
|
0-0: Foul Ball, location: 2F 0-1: Swinging Strike 0-2: Strikes out swinging
|
Batting: LHB Carlos Valentín
|
0-0: Called Strike 0-1: Called Strike 0-2: Ball 1-2: Ball 2-2: Strikes out swinging
|
Bottom of the 1st over - 0 run(s), 1 hit(s), 0 error(s), 1 left on base; Salem 0 - Seattle 0 |
TOP OF THE 2ND |
Salem Sledgehammers batting - Pitching for Seattle Rainiers : RHP Adrián Sandoval
|
Batting: RHB John Burton
|
0-0: Ball 1-0: Fly out, F9 (Flyball, 9LSF)
|
Batting: RHB Ben Simpson
|
0-0: Called Strike 0-1: Ball 1-1: Called Strike 1-2: Fly out, F9 (Flyball, 89M)
|
Batting: RHB Rich Crabtree
|
0-0: Called Strike 0-1: Called Strike 0-2: Strikes out swinging
|
Top of the 2nd over - 0 run(s), 0 hit(s), 0 error(s), 0 left on base; Salem 0 - Seattle 0 |
BOTTOM OF THE 2ND |
Seattle Rainiers batting - Pitching for Salem Sledgehammers : RHP Máximo Salazar
|
Batting: RHB Oliver Sánchez
|
0-0: Ball 1-0: Ball 2-0: Called Strike 2-1: Swinging Strike 2-2: Foul Ball, location: 2F 2-2: Foul Ball, location: 2F 2-2: Ball 3-2: Strikes out looking
|
Batting: LHB Kelsey Scott
|
0-0: Ball 1-0: Swinging Strike 1-1: Foul Ball, location: 2F 1-2: Ball 2-2: SINGLE (Groundball, 6MD)
|
Batting: RHB Roger Lamb
|
0-0: Ball 1-0: Called Strike 1-1: Foul Ball, location: 2F 1-2: Foul Ball, location: 2F 1-2: Foul Ball, location: 2F 1-2: Strikes out looking
|
Batting: RHB Richie Sawyer
|
0-0: SINGLE (Groundball, 6MD) Kelsey Scott to second
|
Batting: RHB Ricardo Ruíz
|
0-0: Fly out, F6 (Popup, 6)
|
Bottom of the 2nd over - 0 run(s), 2 hit(s), 0 error(s), 2 left on base; Salem 0 - Seattle 0 |
TOP OF THE 3RD |
Salem Sledgehammers batting - Pitching for Seattle Rainiers : RHP Adrián Sandoval
|
Batting: RHB Juan Morales
|
0-0: Called Strike 0-1: Ball 1-1: Called Strike 1-2: Strikes out swinging
|
Batting: RHB José Vázquez
|
0-0: Called Strike 0-1: Swinging Strike 0-2: Ball 1-2: Foul Ball, location: 2F 1-2: Foul Ball, location: 2F 1-2: Strikes out looking and he ARGUES THE CALL AND IS TOSSED!
|
Batting: RHB José González
|
0-0: Ball 1-0: Called Strike 1-1: Foul Ball, location: 2F 1-2: Ball 2-2: Strikes out swinging
|
Top of the 3rd over - 0 run(s), 0 hit(s), 0 error(s), 0 left on base; Salem 0 - Seattle 0 |
BOTTOM OF THE 3RD |
Seattle Rainiers batting - Pitching for Salem Sledgehammers : RHP Máximo Salazar
|
Now at C: Joe Wright
|
|
Batting: RHB Alfredo Farías
|
0-0: Ball 1-0: Ground out 4-3 (Groundball, 4S)
|
Batting: RHB Cipriano Baca
|
0-0: Foul Ball, location: 2F 0-1: Foul Ball, location: 2F 0-2: Ball 1-2: Ball 2-2: SOLO HOME RUN (Flyball, 7D), Distance : 401 ft
|
Batting: RHB Leonard Harris
|
0-0: Ball 1-0: Called Strike 1-1: Ball 2-1: Swinging Strike 2-2: SINGLE (Flyball, 7S)
|
Batting: LHB Carlos Valentín
|
0-0: Called Strike 0-1: Grounds into double play, 4-6-3 (Groundball, 4)
|
Bottom of the 3rd over - 1 run(s), 2 hit(s), 0 error(s), 0 left on base; Salem 0 - Seattle 1 |
TOP OF THE 4TH |
Salem Sledgehammers batting - Pitching for Seattle Rainiers : RHP Adrián Sandoval
|
Batting: SHB Juan Hernández
|
0-0: DOUBLE (Groundball, 5L)
|
Batting: RHB Kenny Pruitt
|
0-0: Ball 1-0: Ball 2-0: Ball 3-0: Called Strike 3-1: Ground out 6-3 (Groundball, 6S) Juan Hernández to third
|
Batting: RHB Juan Chávez
|
0-0: Called Strike 0-1: Ground out 5-3 (Groundball, 5S)
|
Batting: RHB John Burton
|
0-0: Ball 1-0: Foul Ball, location: 2F 1-1: 2-RUN HOME RUN (Flyball, 78XD), Distance : 434 ft
|
Batting: RHB Ben Simpson
|
0-0: Called Strike 0-1: Ball 1-1: Fly out, F9 (Line Drive, 9)
|
Top of the 4th over - 2 run(s), 2 hit(s), 0 error(s), 0 left on base; Salem 2 - Seattle 1 |
BOTTOM OF THE 4TH |
Seattle Rainiers batting - Pitching for Salem Sledgehammers : RHP Máximo Salazar
|
Batting: RHB Oliver Sánchez
|
0-0: Called Strike 0-1: Called Strike 0-2: Foul Ball, location: 2F 0-2: Ball 1-2: Strikes out swinging, 2-3 out at first.
|
Batting: LHB Kelsey Scott
|
0-0: DOUBLE (Flyball, 7LM)
|
Batting: RHB Roger Lamb
|
0-0: Fly out, F6 (Popup, 6D)
|
Batting: RHB Richie Sawyer
|
0-0: Ball 1-0: Foul Ball, location: 2F 1-1: Foul Ball, location: 2F 1-2: Fly out, F8 (Flyball, 8LM)
|
Bottom of the 4th over - 0 run(s), 1 hit(s), 0 error(s), 1 left on base; Salem 2 - Seattle 1 |
TOP OF THE 5TH |
Salem Sledgehammers batting - Pitching for Seattle Rainiers : RHP Adrián Sandoval
|
Batting: RHB Rich Crabtree
|
0-0: Called Strike 0-1: Ball 1-1: Fly out, F9 (Flyball, 9LS)
|
Batting: RHB Juan Morales
|
0-0: Ball 1-0: Foul Ball, location: 2F 1-1: Called Strike 1-2: Ball 2-2: Ball 3-2: Ground out 5-3 (Groundball, 56S)
|
Batting: RHB Joe Wright
|
0-0: Called Strike 0-1: Called Strike 0-2: Ball 1-2: Ball 2-2: Strikes out swinging passed ball, reaches first!
|
Batting: RHB José González
|
0-0: Called Strike 0-1: Called Strike 0-2: Ball 1-2: Ball 2-2: Fly out, F8 (Flyball, 8LM)
|
Top of the 5th over - 0 run(s), 0 hit(s), 0 error(s), 1 left on base; Salem 2 - Seattle 1 |
BOTTOM OF THE 5TH |
Seattle Rainiers batting - Pitching for Salem Sledgehammers : RHP Máximo Salazar
|
Batting: RHB Ricardo Ruíz
|
0-0: Called Strike 0-1: Swinging Strike 0-2: SINGLE (Groundball, 34D)
|
Batting: RHB Alfredo Farías
|
0-0: Foul Ball, location: 2F 0-1: Foul Ball, location: 2F 0-2: Ball 1-2: Fielders Choice at 2nd, 6-4 (Groundball, 6M)
|
Batting: RHB Cipriano Baca
|
0-0: Fly out, F4 (Line Drive, 4)
|
Batting: RHB Leonard Harris
|
0-0: Ball 1-0: Called Strike 1-1: Called Strike 1-2: Strikes out swinging
|
Bottom of the 5th over - 0 run(s), 1 hit(s), 0 error(s), 1 left on base; Salem 2 - Seattle 1 |
TOP OF THE 6TH |
Salem Sledgehammers batting - Pitching for Seattle Rainiers : RHP Adrián Sandoval
|
Batting: SHB Juan Hernández
|
0-0: Ball 1-0: Swinging Strike 1-1: Called Strike 1-2: DOUBLE (Line Drive, 7LM)
|
Batting: RHB Kenny Pruitt
|
0-0: Called Strike 0-1: Called Strike 0-2: Ball 1-2: Ground out 5-3 (Groundball, 56S) Juan Hernández to third
|
Batting: RHB Juan Chávez
|
0-0: Ball 1-0: Ball 2-0: Foul Ball, location: 2F 2-1: Ball 3-1: Foul Ball, location: 2F 3-2: Foul Ball, location: 2F 3-2: Base on Balls
|
Batting: RHB John Burton
|
0-0: SINGLE (Line Drive, 8LS) Juan Hernández scores Juan Chávez to second
|
Pitching: RHP Mark Owens
|
|
Batting: RHB Ben Simpson
|
0-0: Ball 1-0: Ball 2-0: Ball 3-0: Base on Balls Juan Chávez to third John Burton to second
|
Batting: RHB Rich Crabtree
|
0-0: Ball 1-0: Called Strike 1-1: Called Strike 1-2: Strikes out swinging
|
Batting: RHB Juan Morales
|
0-0: Ball 1-0: Called Strike 1-1: GRAND SLAM HOME RUN (Flyball, 7LD), Distance : 374 ft
|
Batting: RHB Joe Wright
|
0-0: Swinging Strike 0-1: Foul Ball, location: 2F 0-2: Foul Ball, location: 2F 0-2: Strikes out swinging
|
Top of the 6th over - 5 run(s), 3 hit(s), 0 error(s), 0 left on base; Salem 7 - Seattle 1 |
BOTTOM OF THE 6TH |
Seattle Rainiers batting - Pitching for Salem Sledgehammers : RHP Máximo Salazar
|
Batting: LHB Carlos Valentín
|
0-0: Called Strike 0-1: Ball 1-1: SINGLE (Line Drive, 89M)
|
Batting: RHB Oliver Sánchez
|
0-0: Ball 1-0: Called Strike 1-1: Ball 2-1: Grounds into double play, 6-4-3 (Groundball, 6)
|
Batting: LHB Kelsey Scott
|
0-0: Ball 1-0: Ball 2-0: Ball 3-0: Base on Balls
|
Batting: RHB Roger Lamb
|
0-0: Called Strike 0-1: Swinging Strike 0-2: Foul Ball, location: 2F 0-2: Foul Ball, location: 2F 0-2: Ball Kelsey Scott is caught stealing 2nd base
|
Bottom of the 6th over - 0 run(s), 1 hit(s), 0 error(s), 0 left on base; Salem 7 - Seattle 1 |
TOP OF THE 7TH |
Salem Sledgehammers batting - Pitching for Seattle Rainiers : RHP Mark Owens
|
Batting: RHB José González
|
0-0: Ball 1-0: SINGLE (Line Drive, 78M)
|
Batting: SHB Juan Hernández
|
0-0: Called Strike 0-1: SINGLE (Groundball, 34) (infield hit) José González to second
|
Batting: RHB Kenny Pruitt
|
0-0: Grounds into double play, 6-4-3 (Groundball, 6) José González to third
|
Batting: RHB Juan Chávez
|
0-0: Ball 1-0: Foul Ball, location: 2F 1-1: Ball 2-1: Fly out, F9 (Flyball, 89D)
|
Top of the 7th over - 0 run(s), 2 hit(s), 0 error(s), 1 left on base; Salem 7 - Seattle 1 |
BOTTOM OF THE 7TH |
Seattle Rainiers batting - Pitching for Salem Sledgehammers : RHP Máximo Salazar
|
Pitching: RHP Jeff Smith
|
|
Batting: RHB Roger Lamb
|
0-0: Called Strike 0-1: Ball 1-1: Ground out U3 (Groundball, 3)
|
Batting: RHB Richie Sawyer
|
0-0: Ball 1-0: Swinging Strike 1-1: Called Strike 1-2: Foul Ball, location: 2F 1-2: Foul Ball, location: 2F 1-2: Ball 2-2: Ball 3-2: Base on Balls
|
Batting: RHB Ricardo Ruíz
|
0-0: Ball 1-0: Ball 2-0: DOUBLE (Flyball, 78D) Richie Sawyer to third
|
Batting: RHB Alfredo Farías
|
0-0: Ball 1-0: Ball 2-0: Hit by Pitch
|
Batting: RHB Cipriano Baca
|
0-0: Called Strike 0-1: Called Strike 0-2: Ball 1-2: Ground out 5-3 (Groundball, 56S) Richie Sawyer scores Ricardo Ruíz to third Alfredo Farías to second
|
Batting: RHB Leonard Harris
|
0-0: Ball 1-0: Ball 2-0: Ball 3-0: Called Strike 3-1: Base on Balls
|
Batting: LHB Carlos Valentín
|
0-0: Ball 1-0: Swinging Strike 1-1: Foul Ball, location: 2F 1-2: Ball 2-2: Strikes out swinging
|
Bottom of the 7th over - 1 run(s), 1 hit(s), 0 error(s), 3 left on base; Salem 7 - Seattle 2 |
TOP OF THE 8TH |
Salem Sledgehammers batting - Pitching for Seattle Rainiers : RHP Mark Owens
|
Pitching: RHP Les Johnston
|
|
Batting: RHB John Burton
|
0-0: Ball 1-0: Foul Ball, location: 2F 1-1: Ball 2-1: Swinging Strike 2-2: Strikes out looking
|
Batting: RHB Ben Simpson
|
0-0: Ball 1-0: Ball 2-0: Ball 3-0: Base on Balls
|
Batting: RHB Rich Crabtree
|
0-0: Swinging Strike 0-1: Called Strike 0-2: Strikes out swinging Ben Simpson steals 2nd base Batter strikes out.
|
Batting: RHB Juan Morales
|
0-0: Ball 1-0: Ball 2-0: Called Strike 2-1: Ball 3-1: Foul Ball, location: 2F 3-2: Ground out 4-3 (Groundball, 4S)
|
Top of the 8th over - 0 run(s), 0 hit(s), 0 error(s), 1 left on base; Salem 7 - Seattle 2 |
BOTTOM OF THE 8TH |
Seattle Rainiers batting - Pitching for Salem Sledgehammers : RHP Jeff Smith
|
Batting: RHB Oliver Sánchez
|
0-0: Called Strike 0-1: Foul Ball, location: 2F 0-2: Ball 1-2: Ball 2-2: DOUBLE (Groundball, 3L) - OUT at third base trying to stretch hit.
|
Batting: LHB Kelsey Scott
|
0-0: Foul Ball, location: 2F 0-1: Ball 1-1: Called Strike 1-2: Ball 2-2: Ball 3-2: Base on Balls
|
Pitching: LHP Juan Cervantes
|
|
Batting: RHB Roger Lamb
|
0-0: Ball 1-0: Called Strike 1-1: Foul Ball, location: 2F 1-2: Foul Ball, location: 2F 1-2: Strikes out swinging
|
Batting: RHB Richie Sawyer
|
0-0: Ball 1-0: Fielders Choice at 2nd, 4-6 (Groundball, 4)
|
Bottom of the 8th over - 0 run(s), 1 hit(s), 0 error(s), 0 left on base; Salem 7 - Seattle 2 |
TOP OF THE 9TH |
Salem Sledgehammers batting - Pitching for Seattle Rainiers : RHP Les Johnston
|
Batting: RHB Joe Wright
|
0-0: Ball 1-0: SINGLE (Groundball, 6MD)
|
Batting: RHB José González
|
0-0: Ball 1-0: Foul Ball, location: 2F 1-1: Called Strike 1-2: Foul Ball, location: 2F 1-2: Foul Ball, location: 2F 1-2: Foul Ball, location: 2F 1-2: Ball 2-2: 2-RUN HOME RUN (Flyball, 78XD), Distance : 417 ft
|
Batting: SHB Juan Hernández
|
0-0: Ball 1-0: Ball 2-0: Ground out 4-3 (Groundball, 4)
|
Batting: RHB Kenny Pruitt
|
0-0: Ball 1-0: SINGLE (Line Drive, 4D)
|
Batting: RHB Juan Chávez
|
0-0: Hit by Pitch Kenny Pruitt to second
|
Batting: RHB John Burton
|
0-0: Ball Kenny Pruitt steals 3rd base Juan Chávez to second 1-0: Ball 2-0: SINGLE (Groundball, 6D) Kenny Pruitt scores Juan Chávez to third Runner from 3rd tries for Home, SAFE, no throw
|
Pitching: RHP José Rivera
|
|
Batting: RHB Ben Simpson
|
0-0: Ball 1-0: Swinging Strike 1-1: Called Strike 1-2: Strikes out swinging
|
Batting: RHB Rich Crabtree
|
0-0: Ball 1-0: Called Strike 1-1: Reached on error, E3 (Groundball, 34) John Burton to second
|
Batting: RHB Juan Morales
|
0-0: Fly out, F8 (Flyball, 8RS)
|
Top of the 9th over - 4 run(s), 4 hit(s), 1 error(s), 2 left on base; Salem 11 - Seattle 2 |
BOTTOM OF THE 9TH |
Seattle Rainiers batting - Pitching for Salem Sledgehammers : LHP Juan Cervantes
|
Pinch Hitting: SHB Eduardo Sánchez
|
0-0: Ball 1-0: Foul Ball, location: 2F 1-1: Foul Ball, location: 2F 1-2: Ball 2-2: Foul Ball, location: 2F 2-2: Ball 3-2: Foul Ball, location: 2F 3-2: SINGLE (Groundball, 34D)
|
Batting: RHB Alfredo Farías
|
0-0: Ball 1-0: SINGLE (Line Drive, 7S) Eduardo Sánchez to second
|
Batting: RHB Cipriano Baca
|
0-0: Ball 1-0: Fielders Choice at 2nd, 6-4 (Groundball, 6M) Eduardo Sánchez to third
|
Batting: RHB Leonard Harris
|
0-0: Ball 1-0: Ball 2-0: Called Strike 2-1: Swinging Strike 2-2: Strikes out swinging
|
Batting: LHB Carlos Valentín
|
Pickoff Throw to First - Out!
|
Bottom of the 9th over - 0 run(s), 2 hit(s), 0 error(s), 0 left on base; Salem 11 - Seattle 2 |
|